AoeStats
← kastdavid

Nomad

509929772Analyzed
2v2 RM · 4d ago on Sep 28, 2026· 49m 57s· 4 players
Game mode
Random Map
Map size
176×176
Population
200
Speed
Normal
Resources
Standard
Victory
Conquest
Starting age
Dark Age
Ending age
Imperial Age
RankedLock teamsTeams togetherTeam positionsShared explorationLock speedFull tech treeHidden civsTurbo modeCheats
Victory
Defeat
🇨🇿 Vikings · Czechia
987
+15
🇨🇿 Huns · Czechia
967
+15
🇳🇱 Magyars · Netherlands
963
-15
🇳🇱 Vietnamese · Netherlands
961
-15
kastdavid
13:26 Feudal Age
14:09 Loom
17:27 Bloodlines
23:47 Castle Age
24:20 Horse Collar
25:13 Double-Bit Axe
26:41 Corvinian Army
27:00 Scale Barding Armor
31:21 Heavy Plow
33:41 Chain Barding Armor
38:46 Imperial Age
37:37 Husbandry
38:36 Wheelbarrow
37:47 Town Watch
39:57 Fishing Lines
39:56 Elite Magyar Huszar
40:57 Conscription
43:15 Crop Rotation
50:43 Plate Barding Armor
boaziscool123
14:32 Feudal Age
16:57 Loom
20:37 Castle Age
18:20 Horse Collar
20:52 Gold Mining
23:24 Crossbowman
25:16 Double-Bit Axe
28:01 Town Watch
28:58 Fletching
31:19 Bodkin Arrow
31:24 Padded Archer Armor
31:50 Thumb Ring
35:37 Leather Archer Armor
38:43 Imperial Age
50:12 Imperial Age
48:12 Ballistics
LennyCZ
3:25 Loom
14:30 Feudal Age
15:29 Arson
15:48 Double-Bit Axe
17:15 Horse Collar
20:44 Town Watch
24:02 Fletching
24:14 Padded Archer Armor
24:07 Fishing Lines
26:53 Castle Age
25:10 Scale Mail Armor
27:26 Crossbowman
28:08 Bodkin Arrow
30:11 Squires
32:27 Leather Archer Armor
37:16 Murder Holes
37:54 Ballistics
39:20 Scale Barding Armor
39:33 Chain Mail Armor
40:25 Town Patrol
45:18 Imperial Age
46:21 Conscription
46:54 Plate Mail Armor
47:58 Chemistry
47:02 Bracer
47:23 Arbalester
JozefCZ
3:30 Loom
14:33 Feudal Age
15:07 Double-Bit Axe
15:12 Fishing Lines
21:01 Castle Age
19:20 Stone Mining
21:04 Wheelbarrow
20:15 Town Watch
22:15 Bow Saw
21:58 Gillnets
24:08 Hand Cart
25:21 Gold Mining
26:45 Medium Warships
27:23 Murder Holes
27:39 Masonry
32:01 Imperial Age
31:06 Ballistics
34:20 Heavy Warships
35:49 Two-Man Saw
38:00 Scale Barding Armor
38:06 Forging
39:51 Chain Barding Armor
41:11 Plate Barding Armor
41:12 Iron Casting
40:51 Bloodlines
40:41 Husbandry
40:02 Cavalier
43:02 Gold Shaft Mining
41:54 Paladin
46:13 Blast Furnace
Connection lost

Rejoining the realm…

Still unreachable

The connection could not be restored.

Session expired

The server has moved on; the page needs a fresh start.